[Event "Late-Titled-Tuesday-Blitz-February-20-2024"]
[Site "Chess.com"]
[Date "2024.02.20"]
[Round "7"]
[White "AlexTruskavetsky"]
[Black "Zhigalko_Sergei"]
[Result "1-0"]
[WhiteElo "2744"]
[BlackElo "2927"]
[TimeControl "180+1"]
[EndTime "15:15:22 PST"]
[Termination "AlexTruskavetsky won on time"]

1. d4 Nf6 2. c4 e6 3. Nc3 Bb4 4. e3 O-O 5. a3 Bxc3+ 6. bxc3 c5 7. Bd3 Nc6 8. Ne2 e5 9. O-O Re8 10. d5 e4 11. Bb1 Ne5 12. f3 d6 13. fxe4 Nxc4 14. Ng3 Bg4 15. Qb3 Ne5 16. c4 Rb8 17.
a4 a5 18. Bb2 b6 19. Bc2 Bc8 20. Bd1 Ba6 21. Be2 g6 22. Rf4 Nfd7 23. Raf1 Qg5 24.
Qc3 Re7 25. Nh1 Rbe8 26. h4 Qh6 27. Ng3 Qg7 28. Rg4 Qh6 29. Nf5 Qf8 30. Nxd6 Rd8 31. Rgf4 f6 32. h5 Qh6 33. Rh4 Qg5 34. Rh3 1-0

[Event "Late-Titled-Tuesday-Blitz-February-20-2024"]
[Site "Chess.com"]
[Date "2024.02.20"]
[Round "7"]
[White "Zavgorodniy_Sergiy"]
[Black "dretch"]
[Result "1-0"]
[WhiteElo "2641"]
[BlackElo "2864"]
[TimeControl "180+1"]
[EndTime "15:15:22 PST"]
[Termination "Zavgorodniy_Sergiy won on time"]

1. d4 d5 2. c4 c6 3. e3 Bf5 4.
Bd3 Bxd3 5. Qxd3 e6 6. Nd2 f5 7. Ngf3 Nh6 8. O-O Bd6 9. b3 Nd7 10. a4 Qe7 11. Nb1 O-O 12. Ba3 Nf7 13. Bxd6 Nxd6 14. Nbd2 Rad8 15. Rab1 Ne4 16. b4 Qd6 17. b5 c5 18. cxd5 Qxd5 19. Rfc1 e5 20. Qb3 Qxb3 21. Nxb3 exd4 22. exd4 b6 23. a5 Rfe8 24. axb6 axb6 25. Ra1 Ra8 26. dxc5 Rxa1 27. Rxa1 Ndxc5 28. Nxc5 bxc5 29. b6 Rb8 30. Ne5 Nd6 31. Ra6 c4 32. Kf1 c3 33.
Ke2 Nb5 34. b7 Nc7 35. Ra7 Rd8 36. Nc6 Re8+ 37. Kd3 Kf8 38. b8=Q Rxb8 39. Nxb8 1-0

[Event "Late-Titled-Tuesday-Blitz-February-20-2024"]
[Site "Chess.com"]
[Date "2024.02.20"]
[Round "7"]
[White "reevecanada"]
[Black "Atanejhad"]
[Result "1-0"]
[WhiteElo "2614"]
[BlackElo "2428"]
[TimeControl "180+1"]
[EndTime "15:15:23 PST"]
[Termination "reevecanada won by checkmate"]

1. e4 e5 2. Nf3 Nc6 3. d4 exd4 4. Nxd4 Nf6 5. Nxc6 bxc6 6. Nd2 Bc5 7. Be2 O-O 8. e5 Nd5 9. Nb3 Bb6 10. c4 Qh4 11. O-O Ne7 12. c5 Ng6 13. cxb6 axb6 14. f4 c5 15. Bf3 Rb8 16. g3 Qe7 17. Re1 Ba6 18. Be3 Kh8 19. Qc2 f6 20. exf6 Qxf6 21.
Rad1 d6 22. Bd2 Qf7 23. Bc3 Bc4 24. Nd2 Be6 25. Bg2 Bg4 26. Bf3 Bxf3 27. Nxf3 Nxf4 28. gxf4 Qxf4 29. Rf1 Rf5 30. Qg2 Rg8 31. Kh1 Qh6 32. Qg3 Rh5 33. Rg1 c6 34. Rde1 d5 35. Qxg7+ Rxg7 36.
Re8# 1-0

[Event "Late-Titled-Tuesday-Blitz-February-20-2024"]
[Site "Chess.com"]
[Date "2024.02.20"]
[Round "7"]
[White "sergiochess83"]
[Black "dropstoneDP"]
[Result "1/2-1/2"]
[WhiteElo "2918"]
[BlackElo "3009"]
[TimeControl "180+1"]
[EndTime "15:15:25 PST"]
[Termination "Game drawn by repetition"]

1. d4 d5 2. c4 dxc4 3. Nf3 Nf6 4. e3 e6 5. Bxc4 c5 6. O-O Nc6 7. dxc5 Qxd1 8. Rxd1 Bxc5 9. a3 a6 10. Be2 O-O 11.
Nc3 b5 12. Nd2 Bb7 13. Nb3 Be7 14. e4 b4 15. axb4 Bxb4 16. f3 a5 17. Be3 Ba6 18.
Bxa6 Rxa6 19. Na4 Ne5 20. Rac1 Rc6 21. Rxc6 Nxc6 22. Kf1 h6 23. Ke2 Rb8 24. Nd4 Nxd4+ 25. Bxd4 Rb7 26. Rc1 Nd7 27. Kd3 f6 28. Rc6 Kf7 29.
f4 h5 30. g3 Ke7 31. Kc4 Bd6 32. Bc3 Bb4 33. Bd4 Bd6 34. Bc3 Bb4 35. Bd4 1/2-1/2

[Event "Late-Titled-Tuesday-Blitz-February-20-2024"]
[Site "Chess.com"]
[Date "2024.02.20"]
[Round "7"]
[White "Shankland"]
[Black "DarkAlekhine"]
[Result "0-1"]
[WhiteElo "2937"]
[BlackElo "2860"]
[TimeControl "180+1"]
[EndTime "15:15:25 PST"]
[Termination "DarkAlekhine won by checkmate"]

1. d4 c5 2. d5 g6 3. c4 Bg7 4. e4 d6 5. Nf3 Nf6 6. Nc3 O-O 7. Be2 e6 8. O-O exd5 9. exd5 Bg4 10. h3 Bxf3 11.
Bxf3 Nfd7 12. Bd2 Na6 13. Be2 Nc7 14. f4 f5 15. Bd3 Bd4+ 16. Kh2 Qf6 17. Qf3 Rae8 18. Rae1 a6 19. a4 Qg7 20. a5 Nf6 21.
Bc2 Rxe1 22. Rxe1 Re8 23. Rxe8+ Nfxe8 24. g4 fxg4 25. hxg4 Qe7 26. g5 Ng7 27. b3 Nf5 28.
Ne4 Ne8 29. b4 cxb4 30. Bxb4 Qc7 31. Bd3 b6 32. Ng3 Nxg3 33. Kxg3 bxa5 34. Bd2 Ng7 35. Qd1 Qd7 36. Bc1 a4 37. Bc2 Nh5+ 38. Kh4 Bf2# 0-1

[Event "Late-Titled-Tuesday-Blitz-February-20-2024"]
[Site "Chess.com"]
[Date "2024.02.20"]
[Round "7"]
[White "romulocardoso"]
[Black "expii"]
[Result "0-1"]
[WhiteElo "2312"]
[BlackElo "2166"]
[TimeControl "180+1"]
[EndTime "15:15:26 PST"]
[Termination "expii won by resignation"]

1. e4 c5 2. Nf3 d6 3. d4 cxd4 4.
Nxd4 Nf6 5. Nc3 g6 6. Be3 Bg7 7. f3 O-O 8. Qd2 Nc6 9. O-O-O d5 10. Qe1 e5 11. Nxc6 bxc6 12. Bc5 Re8 13. exd5 cxd5 14.
Bb5 d4 15. Bxe8 Qxe8 16. Ne4 Nxe4 17. fxe4 Be6 18. a3 Rb8 19. Qa5 Qc6 20. Qxa7 Rc8 21. b4 Ra8 22. Qb6 Qa4 23. b5 Bh6+ 24. Kb2 Qc4 25.
Ra1 Bd2 26. Qb7 Rc8 0-1

[Event "Late-Titled-Tuesday-Blitz-February-20-2024"]
[Site "Chess.com"]
[Date "2024.02.20"]
[Round "7"]
[White "Malev212"]
[Black "NLLO777"]
[Result "0-1"]
[WhiteElo "2672"]
[BlackElo "2539"]
[TimeControl "180+1"]
[EndTime "15:15:27 PST"]
[Termination "NLLO777 won by resignation"]

1. e4 c5 2. Nf3 d6 3. d4 cxd4 4. Nxd4 Nf6 5. Nc3 a6 6. Bc4 e6 7. Qe2 Be7 8. Bb3 b5 9. a3 Qc7 10. g4 Nc6 11. Nxc6 Qxc6 12. g5 Nd7 13. Nd5 Bd8 14.
f3 Nc5 15. Ba2 Bb7 16. Bf4 O-O 17. Ne3 Rc8 18. h4 Be7 19. O-O-O a5 20. Kb1 b4 21. axb4 axb4 22. g6 hxg6 23. h5 g5 24. Bd5 Qa6 25. Bc4 Qa5 26. Bxd6 Ra8 27. Kc1 Bxd6 28. h6 Bf4 29.
hxg7 Kxg7 0-1

[Event "Late-Titled-Tuesday-Blitz-February-20-2024"]
[Site "Chess.com"]
[Date "2024.02.20"]
[Round "7"]
[White "YurasovMat-2012"]
[Black "Taran2004"]
[Result "1-0"]
[WhiteElo "2608"]
[BlackElo "2430"]
[TimeControl "180+1"]
[EndTime "15:15:32 PST"]
[Termination "YurasovMat-2012 won by resignation"]

1. e4 c5 2. Nf3 d6 3. Bb5+ Bd7 4.
Bxd7+ Qxd7 5. O-O g6 6. Re1 Bg7 7. e5 dxe5 8. Nxe5 Qc7 9. Nf3 Nf6 10. d4 cxd4 11. Nxd4 O-O 12. Qe2 e6 13. Nc3 a6 14. Qf3 Nc6 15. Nxc6 bxc6 16. Bf4 Qb7 17. Be5 Nd5 18. Bxg7 Kxg7 19. Ne4 Qxb2 20. c4 Nf6 21.
Rab1 Qd4 22. Rbd1 Qb2 23. Re2 Qe5 24. Nd6 Qh5 25. Qe3 Rab8 26. h3 Rfd8 27. g4 Nxg4 28. hxg4 Qxg4+ 29. Kf1 Rb2 30. Qe5+ f6 31. Ne8+ Rxe8 32.
Rd7+ Kh6 33. Qxb2 Qh3+ 34. Ke1 Qh1+ 35. Kd2 Qf3 1-0

[Event "Late-Titled-Tuesday-Blitz-February-20-2024"]
[Site "Chess.com"]
[Date "2024.02.20"]
[Round "7"]
[White "Genghis_K"]
[Black "BardArtem"]
[Result "1-0"]
[WhiteElo "2946"]
[BlackElo "2773"]
[TimeControl "180+1"]
[EndTime "15:15:33 PST"]
[Termination "Genghis_K won by resignation"]

1. e4 e5 2. Nf3 Nc6 3. d4 exd4 4. Nxd4 Bb4+ 5. c3 Bc5 6. Be3 Bb6 7. Nf5 Bxe3 8. Nxe3 Nf6 9. f3 O-O 10. c4 d6 11. Nc3 Re8 12. Be2 h6 13. O-O a6 14.
Rc1 Bd7 15. Qd2 Rb8 16. Rfd1 Ne5 17. Bf1 Ng6 18. Ncd5 Nxd5 19. Nxd5 Be6 20. Qf2 Ne7 21. Nf4 Qc8 22. c5 dxc5 23. Qxc5 c6 24. Rd6 Bxa2 25. Qc3 f6 26. b3 Qc7 27. Bc4+ Kh8 28. Rxf6 Qb6+ 29.
Kh1 gxf6 30. Qxf6+ Kh7 31. Nh5 1-0

[Event "Late-Titled-Tuesday-Blitz-February-20-2024"]
[Site "Chess.com"]
[Date "2024.02.20"]
[Round "7"]
[White "SocoLoco"]
[Black "McCarthyStone"]
[Result "0-1"]
[WhiteElo "2209"]
[BlackElo "2370"]
[TimeControl "180+1"]
[EndTime "15:15:36 PST"]
[Termination "McCarthyStone won on time"]

1. e4 d5 2. exd5 Qxd5 3. Qf3 Qd6 4. c3 Nf6 5. d4 g6 6. Bd3 Bg7 7. Ne2 O-O 8. O-O Nc6 9. a3 e5 10. Be3 e4 11. Bxe4 Bg4 12. Bf4 Qe7 13. Bxc6 Bxf3 14.
Bxf3 c6 15. Nd2 Nd5 16. Bg3 h5 17. h4 Bf6 18. c4 Nb6 19. a4 Bxh4 20. a5 Bxg3 21.
Nxg3 Nd7 22. Rfe1 Qb4 23. Re2 Rfe8 24. Nde4 Kg7 25. Rae1 Qxc4 26. Bxh5 gxh5 27. Nxh5+ Kh6 28.
g4 f5 29. Nd2 Rxe2 0-1

[Event "Late-Titled-Tuesday-Blitz-February-20-2024"]
[Site "Chess.com"]
[Date "2024.02.20"]
[Round "7"]
[White "dolynachess"]
[Black "chegueps"]
[Result "0-1"]
[WhiteElo "2447"]
[BlackElo "2658"]
[TimeControl "180+1"]
[EndTime "15:15:42 PST"]
[Termination "chegueps won on time"]

1. d4 d6 2. c4 e5 3. Nf3 e4 4. Nfd2 f5 5. Nc3 Nf6 6. e3 Be7 7. b4 O-O 8. Be2 c6 9. a4 Be6 10. g3 Nbd7 11. Ba3 Kh8 12. h4 Bf7 13. c5 a5 14. cxd6 Bxd6 15. b5 Bxa3 16. Rxa3 Qe7 17. Ra1 c5 18. Nc4 cxd4 19. Qxd4 Rfd8 20. O-O Rac8 21. Rfd1 Nf8 22. Qe5 Qb4 23. Nd6 Rxd6 24.
Rxd6 Qxc3 25. Qxc3 Rxc3 26. Rad1 Ne6 27. Rd8+ Nxd8 28.
Rxd8+ Bg8 29. Ra8 b6 30. Rb8 Nd7 31. Rb7 Rc2 32. Rxd7 Rxe2 33. Rd6 h6 34. Rxb6 Re1+ 35. Kh2 Bc4 0-1

[Event "Late-Titled-Tuesday-Blitz-February-20-2024"]
[Site "Chess.com"]
[Date "2024.02.20"]
[Round "7"]
[White "toninhojit"]
[Black "Sicupira"]
[Result "1-0"]
[WhiteElo "2465"]
[BlackElo "2287"]
[TimeControl "180+1"]
[EndTime "15:15:43 PST"]
[Termination "toninhojit won by resignation"]

1. d4 d5 2. c4 e6 3. Nc3 Bb4 4.
Nf3 Nf6 5. Qa4+ Nc6 6. e3 O-O 7. Bd3 dxc4 8. Bxc4 a6 9. Qc2 Bd6 10. O-O e5 11. b3 b5 12. Be2 Bg4 13. dxe5 Nxe5 14. Nxe5 Bxe5 15. Bb2 Bxe2 16. Qxe2 Re8 17. Rad1 Qe7 18. Nd5 Nxd5 19. Rxd5 Bxb2 20. Qxb2 Red8 21. Rfd1 Rxd5 22. Rxd5 Rd8 23. Qd4 Rd6 24. Rxd6 Qxd6 25.
Qxd6 cxd6 26. Kf1 f5 27. Ke2 Kf7 28. Kd3 Ke6 29. Kd4 a5 30. f4 Ke7 31. Kd5 Kd7 32.
a3 g6 33. g3 h6 34. h3 h5 35. h4 Kc7 36. Ke6 Kc6 37. b4 axb4 38. axb4 d5 39. Ke5 d4 40. exd4 Kd7 41. d5 1-0

[Event "Late-Titled-Tuesday-Blitz-February-20-2024"]
[Site "Chess.com"]
[Date "2024.02.20"]
[Round "7"]
[White "sergoy"]
[Black "AlexeiShirov"]
[Result "1/2-1/2"]
[WhiteElo "2986"]
[BlackElo "2846"]
[TimeControl "180+1"]
[EndTime "15:15:45 PST"]
[Termination "Game drawn by repetition"]

1. d4 d5 2. c4 c6 3. Nf3 Nf6 4.
Nc3 e6 5. e3 Nbd7 6. Qc2 Bd6 7.
Bd3 O-O 8. O-O dxc4 9. Bxc4 b5 10. Be2 Bb7 11. e4 e5 12. dxe5 Nxe5 13. Nd4 Neg4 14.
Nf5 Bxh2+ 15. Kh1 Bb8 16. Bg5 Qc7 17. f4 h6 18. Bxf6 Nxf6 19. e5 Nd7 20. Nd6 Nc5 21. Rf3 Ne6 22. Rd1 c5 23. Ncxb5 Qe7 24. Nf5 Qe8 25. Rg3 Kh8 26. Nbd6 Bxd6 27. Nxd6 Qe7 28.
Nxb7 Nxf4 29. Nd6 Qh4+ 30. Rh3 Nxh3 31. gxh3 Qxh3+ 32. Kg1 Qg3+ 33. Kh1 Qh3+ 34. Kg1 Qg3+ 35. Kh1 Qh3+ 1/2-1/2

[Event "Late-Titled-Tuesday-Blitz-February-20-2024"]
[Site "Chess.com"]
[Date "2024.02.20"]
[Round "7"]
[White "Mops_2004"]
[Black "Bigfish1995"]
[Result "0-1"]
[WhiteElo "2788"]
[BlackElo "3161"]
[TimeControl "180+1"]
[EndTime "15:15:49 PST"]
[Termination "Bigfish1995 won by resignation"]

1. g3 d5 2. Nf3 g6 3. Bg2 Bg7 4. O-O e5 5. d3 Ne7 6. e4 Nbc6 7. exd5 Nxd5 8. Nc3 Nde7 9. Rb1 a5 10. b3 O-O 11. Bb2 Nd4 12. Nxd4 exd4 13. Ne4 Ra7 14. a4 b6 15. Re1 Nd5 16. Nd2 Nc3 17. Bxc3 dxc3 18.
Nc4 Bd4 19. Qf3 Bb7 20. Qf4 Bxg2 21. Kxg2 c6 22. Re4 Qd5 23. Qf3 b5 24. Ne3 Qc5 25. Re1 Rd7 26. Rh4 f5 27. Rf4 Be5 28. Rh4 Bf6 29. Rh3 Rd4 30. axb5 cxb5 31. Qb7 Rf7 32.
Qa8+ Kg7 33. Qxa5 Ra7 34. b4 Qc6+ 0-1

[Event "Late-Titled-Tuesday-Blitz-February-20-2024"]
[Site "Chess.com"]
[Date "2024.02.20"]
[Round "7"]
[White "nindjaxx8"]
[Black "pr1105"]
[Result "1-0"]
[WhiteElo "2610"]
[BlackElo "2337"]
[TimeControl "180+1"]
[EndTime "15:15:49 PST"]
[Termination "nindjaxx8 won by checkmate"]

1. e4 e5 2. Nf3 Nc6 3. Bb5 Nf6 4. d3 Bc5 5. O-O O-O 6. Nc3 d6 7. Be3 Nd4 8. Bxd4 exd4 9. Ne2 Bg4 10. Ng3 c6 11.
Ba4 a5 12. c3 dxc3 13. bxc3 b5 14. Bc2 b4 15. d4 Bb6 16. h3 Be6 17. Qd3 Re8 18.
Rfd1 Qc7 19. e5 dxe5 20. Nh5 Nxh5 21. Qxh7+ Kf8 22. Qxh5 exd4 23. Nxd4 bxc3 24. Nxe6+ fxe6 25. Bg6 Ke7 26. Qh4+ Kf8 27. Qh8+ Ke7 28. Qxg7# 1-0

[Event "Late-Titled-Tuesday-Blitz-February-20-2024"]
[Site "Chess.com"]
[Date "2024.02.20"]
[Round "7"]
[White "Pelusiansky"]
[Black "HamedWafa4"]
[Result "1-0"]
[WhiteElo "2575"]
[BlackElo "2718"]
[TimeControl "180+1"]
[EndTime "15:15:50 PST"]
[Termination "Pelusiansky won by checkmate"]

1. d4 Nf6 2. c4 e6 3. Nf3 Bb4+ 4.
Nbd2 d5 5. e3 O-O 6. Qc2 b6 7.
a3 Be7 8. cxd5 exd5 9. b4 Bb7 10. Bb2 Nbd7 11. Be2 Ne4 12. O-O Rc8 13. Nxe4 dxe4 14. Nd2 f5 15. Rac1 Nf6 16. b5 Bd6 17. Nc4 f4 18. Ne5 f3 19. Bc4+ Nd5 20. Qxe4 Kh8 21. Bxd5 Bxd5 22. Qxd5 fxg2 23. Qxg2 Qh4 24. Kh1 Rce8 25.
f4 Re6 26. d5 Rh6 27. Nd7 Rg8 28. Ne5 Qh5 29. Qh3 Qxe5 30. fxe5 Rxh3 31. exd6 cxd6 32. Rc7 Rxe3 33. Rxg7 Rxg7 34. Rf8# 1-0

[Event "Late-Titled-Tuesday-Blitz-February-20-2024"]
[Site "Chess.com"]
[Date "2024.02.20"]
[Round "7"]
[White "Bkmzzzzz"]
[Black "chessydotcom"]
[Result "0-1"]
[WhiteElo "2370"]
[BlackElo "2178"]
[TimeControl "180+1"]
[EndTime "15:15:52 PST"]
[Termination "chessydotcom won by resignation"]

1. e4 c5 2. Nf3 e6 3. d3 Nc6 4. g3 Nge7 5. Bg2 g6 6. O-O Bg7 7. Re1 d5 8. e5 Qc7 9. Bf4 h6 10.
h4 Bd7 11. c3 g5 12. hxg5 hxg5 13. Bxg5 Nxe5 14. Bf4 Nxf3+ 15. Qxf3 Qb6 16. Qe2 O-O-O 17. Na3 Ng6 18. Be3 Qa5 19. Nc2 Bb5 20. a4 Bc6 21. b4 Qc7 22. Ra3 d4 23. cxd4 Bxg2 24. Kxg2 cxd4 25. Bg5 Rd5 26. f4 Qc6 27. Kg1 Kb8 28. Rc1 Rxg5 29. Qg2 Qxg2+ 30. Kxg2 Nxf4+ 31. Kf3 Nd5 32. b5 Rf5+ 33. Ke4 Nc3+ 0-1

[Event "Late-Titled-Tuesday-Blitz-February-20-2024"]
[Site "Chess.com"]
[Date "2024.02.20"]
[Round "7"]
[White "pfalcon1949"]
[Black "esteban062000"]
[Result "1-0"]
[WhiteElo "2005"]
[BlackElo "2129"]
[TimeControl "180+1"]
[EndTime "15:15:52 PST"]
[Termination "pfalcon1949 won by resignation"]

1. e4 c5 2. Nf3 Nc6 3. d4 cxd4 4. Nxd4 Nf6 5. Nc3 e5 6. Ndb5 d6 7. Nd5 Nxd5 8. exd5 Nb8 9. a4 Be7 10. Be2 O-O 11.
Bd2 a6 12. Na3 Nd7 13. Nc4 Nb6 14. O-O Nxc4 15. Bxc4 Bf5 16. a5 Qc7 17. b3 Rac8 18.
f4 exf4 19. Bxf4 Bg6 20. Qd2 Bf6 21. Rae1 Rfe8 22. Rxe8+ Rxe8 23. Re1 Be5 24. Bxe5 dxe5 25. d6 Qc5+ 26. Kh1 Rd8 27. Rd1 e4 28. d7 e3 29. Qe1 Qe7 30. h3 Rxd7 31. Rxd7 Qxd7 32. Qxe3 Qd1+ 33. Kh2 Qd6+ 34. g3 Bxc2 35. Qe8+ Qf8 36. Bxf7+ 1-0

[Event "Late-Titled-Tuesday-Blitz-February-20-2024"]
[Site "Chess.com"]
[Date "2024.02.20"]
[Round "7"]
[White "Firouzja2003"]
[Black "PacingRope"]
[Result "0-1"]
[WhiteElo "3088"]
[BlackElo "2920"]
[TimeControl "180+1"]
[EndTime "15:15:53 PST"]
[Termination "PacingRope won by resignation"]

1. d4 Nf6 2. Bg5 d5 3. e3 g6 4. c4 c6 5. Nc3 Bg7 6. cxd5 Nxd5 7. Nf3 O-O 8. Bd3 Nd7 9. h4 h5 10. Nxd5 cxd5 11. Qb3 Nb6 12. Rc1 Bg4 13. Ne5 Bxe5 14.
dxe5 Nd7 15. f4 f6 16. exf6 exf6 17. Bh6 Re8 18. Bxg6 Qa5+ 19. Kf1 Qd2 20. Re1 Rec8 21. Qd3 Qxd3+ 22. Bxd3 Nc5 23. Bg6 Ne4 24. Kg1 f5 25.
Bg5 Rc6 26. Bxf5 Bxf5 27. Kh2 Rc2 28. Rd1 Nf2 29. Rxd5 Be4 30. Rd4 Ng4+ 31. Kh3 Bxg2+ 32. Kg3 Bxh1 33. f5 Rg2+ 0-1

[Event "Late-Titled-Tuesday-Blitz-February-20-2024"]
[Site "Chess.com"]
[Date "2024.02.20"]
[Round "7"]
[White "jcmesafischer"]
[Black "ritanovikova"]
[Result "0-1"]
[WhiteElo "2356"]
[BlackElo "2229"]
[TimeControl "180+1"]
[EndTime "15:15:54 PST"]
[Termination "ritanovikova won on time"]

1. e4 d5 2. exd5 Qxd5 3. Nc3 Qd6 4. d4 Nf6 5. Nb5 Qd8 6. c4 a6 7. Nc3 Bg4 8. Qb3 b6 9. Be3 e6 10. h3 Bf5 11. g4 Bg6 12. Bg2 Ra7 13. O-O-O Qd7 14. Nf3 Nc6 15. Ne5 Na5 16. Nxd7 Nxb3+ 17. axb3 Kxd7 18. d5 e5 19. f4 exf4 20. Bxf4 Bd6 21. Bxd6 Kxd6 22. Ne2 a5 23. Nd4 Kd7 0-1

[Event "Late-Titled-Tuesday-Blitz-February-20-2024"]
[Site "Chess.com"]
[Date "2024.02.20"]
[Round "7"]
[White "gahryman"]
[Black "HalfIsCrayfish"]
[Result "1-0"]
[WhiteElo "2710"]
[BlackElo "2540"]
[TimeControl "180+1"]
[EndTime "15:16:01 PST"]
[Termination "gahryman won on time"]

1. e4 c6 2. d4 d5 3. e5 c5 4. c3 Nc6 5. Be2 Bf5 6. Be3 e6 7.
h4 cxd4 8. cxd4 h6 9. Nc3 Bb4 10. Rc1 Nge7 11. a3 Bxc3+ 12. Rxc3 Rc8 13. Qd2 Nb8 14. g4 Be4 15. f3 Bh7 16. h5 Rxc3 17. Qxc3 Qc8 18. Bb5+ Nd7 19. Ne2 a6 20. Ba4 Qxc3+ 21.
Nxc3 b5 22. Bd1 Nb6 23. b3 Kd7 24. Kd2 Rc8 25. Be2 Na8 26. Rc1 Nb6 27. Na2 Rxc1 28. Kxc1 Na8 29. Nb4 Nc7 30. Nxa6 1-0

[Event "Late-Titled-Tuesday-Blitz-February-20-2024"]
[Site "Chess.com"]
[Date "2024.02.20"]
[Round "7"]
[White "IraZyne"]
[Black "Chesstrainer1"]
[Result "1-0"]
[WhiteElo "2365"]
[BlackElo "2462"]
[TimeControl "180+1"]
[EndTime "15:16:03 PST"]
[Termination "IraZyne won by resignation"]

1. e4 c5 2. Nc3 a6 3. g3 b5 4. Bg2 Bb7 5. d3 e6 6. Nh3 Nf6 7. O-O d5 8. e5 Nfd7 9. f4 g6 10. Ne2 Nc6 11. c3 h5 12. Be3 b4 13. d4 a5 14. Rf2 a4 15. cxb4 Nxb4 16. a3 Nc6 17. dxc5 Nxc5 18. Rc1 Nb3 19. Rc2 Qa5 20. Ng5 Be7 21. Nf3 Kf8 22. Ned4 Rc8 23. Nxc6 Rxc6 24. Rxc6 Bxc6 25. Nd4 Nxd4 26. Bxd4 Kg7 27. Rc2 Rc8 28.
Qc1 Qa6 29. Bf1 Qb7 30. Bd3 Bd7 31. h3 Rxc2 32. Qxc2 Bb5 33. g4 hxg4 34. hxg4 Bxd3 35. Qxd3 Qc6 36. Bc3 Qc4 37. Qxc4 dxc4 38. Kf2 Bc5+ 39.
Kf3 Kf8 40. Ke4 Ke7 41. Bd4 Bxd4 42. Kxd4 f5 43. g5 1-0

[Event "Late-Titled-Tuesday-Blitz-February-20-2024"]
[Site "Chess.com"]
[Date "2024.02.20"]
[Round "7"]
[White "ExchangeAB"]
[Black "SRob2003"]
[Result "1-0"]
[WhiteElo "2466"]
[BlackElo "2647"]
[TimeControl "180+1"]
[EndTime "15:16:07 PST"]
[Termination "ExchangeAB won by resignation"]

1. d4 Nf6 2. Nf3 d5 3. c3 c5 4. e3 Nc6 5. dxc5 e5 6. b4 e4 7. Nd4 Ne5 8. Bb5+ Bd7 9. Bxd7+ Qxd7 10. O-O Be7 11. Nd2 h5 12. Qb3 h4 13. h3 Rh6 14. c4 Rg6 15. Kh1 dxc4 16. Nxc4 Nf3 17.
Bb2 Nh7 18. Rg1 Nxd4 19. Bxd4 Ng5 20. Ne5 Qf5 21. Qa4+ Kf8 22. Qd7 Nxh3 23. Qxf5 1-0

[Event "Late-Titled-Tuesday-Blitz-February-20-2024"]
[Site "Chess.com"]
[Date "2024.02.20"]
[Round "7"]
[White "manitodeplomo"]
[Black "MagnusCarlsen"]
[Result "0-1"]
[WhiteElo "2656"]
[BlackElo "3325"]
[TimeControl "180+1"]
[EndTime "15:16:10 PST"]
[Termination "MagnusCarlsen won on time"]

1. d4 Na6 2. c4 e5 3. e3 d5 4. Nf3 e4 5. Nfd2 c6 6. Nc3 Nc7 7. f3 exf3 8. Nxf3 Bf5 9. Bd3 Bxd3 10. Qxd3 Nf6 11. O-O Bb4 12. Bd2 Bxc3 13. Bxc3 O-O 14.
Nd2 Re8 15. Rf4 dxc4 16. Nxc4 Ncd5 17. Rf3 Ne4 18. Raf1 f6 19. Nd2 Qe7 20. Nxe4 Qxe4 21. Qxe4 Rxe4 22. Bd2 Rae8 23. Kf2 g5 24. h3 h5 25. Ke2 g4 26. hxg4 hxg4 27. Rf5 Rxd4 28. Rh5 Nf4+ 29. Rxf4 Rxf4 30. Ra5 a6 31. Ra3 Rf5 32.
Ra4 Kf7 33. Rxg4 Rg8 34. Rxg8 Kxg8 35. e4 Rh5 36. Bf4 Kf7 37. Ke3 Rh1 38. Kd4 Rb1 39. Kc3 Re1 40. Kd3 Ke6 41. g3 b5 42. Kd4 Re2 43.
Bc1 c5+ 44. Kxc5 Rc2+ 45. Kb6 Rxc1 46. Kxa6 Rc2 47. Kxb5 Rxb2+ 0-1

[Event "Late-Titled-Tuesday-Blitz-February-20-2024"]
[Site "Chess.com"]
[Date "2024.02.20"]
[Round "7"]
[White "tptagain"]
[Black "The_Straightforward_Rook"]
[Result "1-0"]
[WhiteElo "2941"]
[BlackElo "2488"]
[TimeControl "180+1"]
[EndTime "15:16:13 PST"]
[Termination "tptagain won by resignation"]

1. d4 d5 2. Nf3 Nf6 3. e3 e6 4. Bd3 Nbd7 5. Nbd2 b6 6. O-O Bb7 7. b3 Bd6 8. Bb2 O-O 9. Ne5 Ne4 10. a4 c5 11. Bxe4 dxe4 12. Ndc4 Bxe5 13. dxe5 Bd5 14. Nd6 Qg5 15. c4 Bc6 16. a5 Nxe5 17. h4 Qf6 18. axb6 axb6 19. Rxa8 Bxa8 20. Qa1 Qxh4 21. Bxe5 f6 22.
Bg3 Qg4 23. Qd1 Qg6 24. Nb5 h5 25. Qd7 e5 26. Qe6+ Kh7 27. Ra1 Bb7 28. Nd6 Bc6 29. Ra7 Rd8 30. Nf5 h4 31. Rxg7+ Qxg7 32. Nxg7 hxg3 33. fxg3 Rd1+ 34. Kh2 Kxg7 35. Qxc6 1-0

[Event "Late-Titled-Tuesday-Blitz-February-20-2024"]
[Site "Chess.com"]
[Date "2024.02.20"]
[Round "7"]
[White "adiosabu"]
[Black "FREZZY23"]
[Result "0-1"]
[WhiteElo "2554"]
[BlackElo "2435"]
[TimeControl "180+1"]
[EndTime "15:16:16 PST"]
[Termination "FREZZY23 won by resignation"]

1. e4 c5 2. Nc3 g6 3. Bc4 Bg7 4. d3 Nc6 5. f4 e6 6. Nf3 Nge7 7. e5 O-O 8. Ne4 d5 9. exd6 Nf5 10. O-O b6 11. c3 Nxd6 12. Nxd6 Qxd6 13. Qe2 a6 14.
a4 Rd8 15. Be3 Bb7 16. Rad1 Na5 17. Ba2 Bc6 18. Qc2 Qd7 19. b3 Rac8 20. Ne5 Qb7 21. Nxc6 Nxc6 22. Bb1 Nd4 23. Qb2 Nf5 24. Bf2 b5 25. axb5 axb5 26. Qc1 b4 27. c4 Bd4 28. Bc2 Bxf2+ 29. Rxf2 Rd4 30. Re1 Rcd8 31. Qa1 Ra8 32.
Qb2 Qc7 33. g3 Rd6 34. Re5 Nd4 35. Bd1 Rda6 36. Qd2 Ra1 37. Kg2 Qc6+ 38. Kh3 f6 39.
Re1 Kf7 40. Qe3 h5 41. Qe4 Qxe4 42. dxe4 Rb1 43. Rd2 Raa1 44. Rd3 Ke7 45. g4 hxg4+ 46. Kxg4 Rxb3 47. Rxb3 Nxb3 48. Kf3 Nd4+ 49. Ke3 b3 50.
Kd3 b2 0-1

[Event "Late-Titled-Tuesday-Blitz-February-20-2024"]
[Site "Chess.com"]
[Date "2024.02.20"]
[Round "7"]
[White "AndresDelgado77"]
[Black "Atousa"]
[Result "0-1"]
[WhiteElo "2270"]
[BlackElo "2458"]
[TimeControl "180+1"]
[EndTime "15:16:17 PST"]
[Termination "Atousa won on time"]

1. e4 c5 2. Nf3 e6 3. b4 cxb4 4. d4 a6 5. a3 bxa3 6. Nxa3 Bb4+ 7. Bd2 Bxd2+ 8. Qxd2 Nf6 9. e5 Ne4 10. Qe3 Qa5+ 11. Kd1 Qc3 12. Qxc3 Nxc3+ 13. Kd2 Ne4+ 14. Ke3 d5 15. Nb5 O-O 16. Nc7 Ra7 17. Nb5 Ra8 18. Nc7 Ra7 19. Nb5 Nc6 20. Nxa7 Nxa7 21. Bd3 Nc3 22. Ra3 Ncb5 23. Rb3 Bd7 24. Nd2 Rc8 25.
c4 dxc4 26. Nxc4 Bc6 27. Rc1 Rd8 28. Nd6 Nxd6 29. exd6 f5 30. Rxc6 Nxc6 31. Rxb7 Rxd6 32. Bxa6 Nxd4 33. Bc4 Nc2+ 34. Kf3 Nd4+ 35. Kg3 Kf8 36. f4 Rc6 37. Ba2 Rc3+ 38. Kh4 Rc2 0-1

[Event "Late-Titled-Tuesday-Blitz-February-20-2024"]
[Site "Chess.com"]
[Date "2024.02.20"]
[Round "7"]
[White "Mikhail_Golubev"]
[Black "Alex_Sahakyan2006"]
[Result "0-1"]
[WhiteElo "2612"]
[BlackElo "2829"]
[TimeControl "180+1"]
[EndTime "15:16:18 PST"]
[Termination "Alex_Sahakyan2006 won by resignation"]

1. e4 Nc6 2. Nf3 e5 3. Bc4 Nf6 4. Ng5 d5 5. exd5 b5 6. Bf1 Qxd5 7. Nc3 Qd7 8. Bxb5 Bb7 9. Nf3 O-O-O 10. O-O Bd6 11.
d3 Qf5 12. Bg5 Nd4 13. Nxd4 exd4 14. Ne4 Nxe4 15. Bxd8 Rxd8 16. dxe4 Qxb5 17. Qg4+ Kb8 18. Qxg7 Bxe4 19. Rad1 Be5 20. Qxf7 Bd5 21. Qxh7 Rh8 22. Qd3 Bxh2+ 23. Kh1 Bd6+ 24. Kg1 Bc4 25. Qf3 Qe5 26. g3 Bd5 0-1